 Dungeon Crawl Stone Soup version 0.27.1 (webtiles) character file.

Game seed: 16817694863675608563

17 Descartes the Sneak (level 2, -2/14 HPs)
             Began as a Felid Delver on Aug 31, 2021.
             Slain by a hound skeleton (4 damage)
             ... on level 4 of the Dungeon.
             The game lasted 00:01:18 (270 turns).

Descartes the Sneak (Felid Delver)                   Turns: 270, Time: 00:01:19

Health: -2/14      AC:  1    Str:  8    XL:     2   Next: 44%
Magic:  3/3        EV: 17    Int: 11    God:
Gold:   20         SH:  0    Dex: 17    Spells: 1/1 levels left
                                        Lives:  0   Deaths: 0

rFire    . . .     SeeInvis +     - Unarmed
rCold    . . .     Faith    .   (shield unavailable)
rNeg     . . .     Spirit   .   (armour unavailable)
rPois    .         Reflect  .   (helmet unavailable)
rElec    .         Harm     .   (cloak unavailable)
rCorr    .         Rampage  .   (gloves unavailable)
Will     .....                  (boots unavailable)
Stlth    ++++......             (no amulet)
HPRegen  0.04/turn              (no ring)
MPRegen  0.08/turn              (no ring)

@: quick
A: very small, claws 1, fangs 3, see invisible, speed 1, shaggy fur 1, stealthy
paws, no weapons or thrown items, no armour, multi-lived
a: no special abilities


You were on level 4 of the Dungeon.
You visited 1 branch of the dungeon, and saw 2 of its levels.

You collected 20 gold pieces.

Inventory:

Wands
 e - a wand of digging (3)
 i - a wand of iceblast (9)
Scrolls
 a - a scroll of fog
 b - a scroll of magic mapping
 c - a scroll of fear
 f - a scroll of holy word {unknown}
 h - a scroll of identify {unknown}
Potions
 d - a potion of haste
 g - a potion of resistance {unknown}


   Skills:
 - Level 3.1 Fighting
 + Level 2.9 Dodging
 + Level 7.3 Stealth
 - Level 2.0 Unarmed Combat


You had one spell level left.
You didn't know any spells.
Your spell library was empty.

Dungeon Overview and Level Annotations

Branches:
Dungeon (5/15)
 Temple: D:4-7

Altars:


Innate Abilities, Weirdness & Mutations

You have sharp claws.
You have razor-sharp teeth.
You have supernaturally acute eyesight. (SInv)
You cover ground quickly. (Speed+)
You are covered in fur. (AC +1)
Your paws help you pounce on unaware monsters.
You are incapable of wielding weapons or throwing items.
You cannot wear armour.
You gain extra lives every three experience levels.


Message History

The goblin misses you.
You scratch the goblin.
You kill the goblin!
Things that are here:
a +0 whip; a ball python corpse
There is a stone staircase leading down here.
Things that are here:
a +0 whip; a ball python corpse The ball python hisses angrily.
You scratch the ball python.
You kill the ball python!
A hound skeleton comes into view.
i - a wand of iceblast (9)
The hound skeleton misses you.
You scratch the hound skeleton.
You bite the hound skeleton, but do no damage.
The hound skeleton is lightly damaged.
The hound skeleton misses you.
You barely miss the hound skeleton.
The hound skeleton is lightly damaged.
The hound skeleton bites you.
You scratch the hound skeleton.
The hound skeleton is moderately damaged.
The hound skeleton bites you. x2
* * * LOW HITPOINT WARNING * * *
You scratch the hound skeleton. You bite the hound skeleton.
The hound skeleton is heavily damaged.
The hound skeleton closely misses you.
You scratch the hound skeleton. Your claw misses the hound skeleton.
The hound skeleton is severely damaged.
The hound skeleton barely misses you.
You scratch the hound skeleton.
The hound skeleton is severely damaged.
The hound skeleton bites you.
* * * LOW HITPOINT WARNING * * *
The hound skeleton barely misses you.
You scratch the hound skeleton.
The hound skeleton is almost destroyed.
The hound skeleton bites you.
You die...

#.#.##########
#............. .
#............. ..
#.............
...#.............
.................
........)........
.................
##.....@Z........
#...............
#.....##.#######
#...... #.#
#.....###.#####
......+....).>#
#.....###.###.#
##..........#.#
.....)...##.#


You could see a hound skeleton.

Vanquished Creatures
  A hound skeleton (D:5)
  A goblin (D:4)
  A kobold (D:4)
  2 ball pythons (D:4)
5 creatures vanquished.

Notes
Turn   | Place    | Note
-------+----------+-------------------------------------------
     0 | D:5      | Descartes the Felid Delver began the quest for the Orb.
     0 | D:5      | Reached XP level 1. HP: 10/10 MP: 2/2
    36 | D:5      | Reached skill level 7 in Stealth
    36 | D:5      | Reached XP level 2. HP: 14/14 MP: 3/3
    46 | D:5      | Noticed a black bear
   270 | D:4      | Slain by a hound skeleton

Illustrated notes

Levels and vault maps discovered:
D:4:      layout_basic, minmay_temple_entry_arrows, kennysheep_potato,
          uniq_robin, uniq_grinder, uniq_crazy_yiuf_cottage, uniq_ijyb,
          uniq_eustachio
D:5:      layout_rooms

Skill      XL: |  1 |
---------------+----+-----
Stealth        | 7 |  7.3
Fighting       | |  3.1
Dodging        | |  2.9
Unarmed Combat | |  2.0

Action                   || total
-------------------------++-------
Melee: Unarmed           ||    17
       Bite              ||     2
 Stab: Sleeping          ||     1
Dodge: Dodged            ||    11
